 Dungeon Crawl Stone Soup version 0.20.0-7-g3b7b877 (webtiles) character file.

122 Kisielow the Slasher (level 4, -2/39 HPs)
             Began as a Minotaur Fighter on May 28, 2017.
             Slain by Robin
             ... wielding a +2 spear of venom
              (6 damage)
             ... on level 2 of the Dungeon.
             The game lasted 00:02:21 (1112 turns).

Kisielow the Slasher (Minotaur Fighter)             Turns: 1112, Time: 00:02:22

Health: -2/39      AC:  6    Str: 21    XL:     4   Next: 78%
Magic:  3/3        EV:  7    Int:  5    God:
Gold:   92         SH:  9    Dex: 10    Spells: 3/3 levels left

rFire    . . .     SeeInvis .   p - +2 falchion (holy)
rCold    . . .     Gourm    .   c - +0 shield
rNeg     . . .     Faith    .   b - +0 scale mail
rPois    .         Spirit   .   (helmet restricted)
rElec    .         Reflect  .   (no cloak)
rCorr    .         Harm     .   (no gloves)
MR       .....                  (no boots)
Stlth    ..........             (no amulet)
Regen    0.2/turn               (no ring)
MPRegen  0.1/turn               (no ring)

@: lethally poisoned (-2 -> -15)
A: retaliatory headbutt, horns 2
a: no special abilities


You were on level 2 of the Dungeon.
You were not hungry.

You visited 1 branch of the dungeon, and saw 2 of its levels.

You collected 92 gold pieces.

Inventory:

Hand Weapons
 a - a +0 long sword
 p - a +2 falchion of holy wrath (weapon)
Armour
 b - a +0 scale mail (worn)
 c - a +0 shield (worn)
Scrolls
 e - 2 scrolls of remove curse {unknown}
 h - a scroll of teleportation {unknown}
 k - 2 scrolls of magic mapping {unknown}
 l - a scroll of amnesia {unknown}
 n - 2 scrolls of fear {unknown}
 q - 3 scrolls of identify {unknown}
Potions
 d - a potion of might
 g - a potion of mutation {unknown}
 m - a potion of degeneration {unknown}
 o - a potion of cancellation {unknown}
 r - a potion of heal wounds {unknown}
 s - a potion of curing {unknown}
Comestibles
 f - 3 bread rations
 i - a royal jelly
 j - a meat ration
 t - 2 chunks of flesh


   Skills:
 - Level 3.6 Fighting
 + Level 6.1 Long Blades
 - Level 3.6 Armour
 - Level 3.6 Shields


You had 3 spell levels left.
You didn't know any spells.

Dungeon Overview and Level Annotations

Branches:
Dungeon (2/15)

Altars:

Annotations:
D:2 Robin


Innate Abilities, Weirdness & Mutations

You reflexively headbutt those who attack you in melee.
You have a pair of horns on your head.


Message History

You hit the hobgoblin. You headbutt the hobgoblin.
You kill the hobgoblin!
Robin throws the goblin at you! The goblin hits you with a club.
Robin hits you but does no damage.
You are poisoned.
You hit the hobgoblin.
You kill the hobgoblin!
You feel sick. The goblin hits you with a club.
* * * LOW HITPOINT WARNING * * *
Robin hits you from afar with a spear of venom.
* * * LOW HITPOINT WARNING * * *
You are lethally poisoned!
The goblin hits you with a club.
* * * LOW HITPOINT WARNING * * *
You slash the hobgoblin!
You kill the hobgoblin!
* * * LOW HITPOINT WARNING * * *
You feel sick.
Robin hits you from afar with a spear of venom.
You die...

###.....#### #.#(.....#
#.#...##[##### #....##
.#.. # ##...# ... .##
####...## #.# ....
#####.....[.# #.##.....
##......####)#####........
...#.####.<()..)@)g.# ##
### .###>#..(.##...g#####
.. ....
####.#.########(...####.
..... ###..#.# ##.##..#..)
.... .......# ####..#
....##..# .....### #..>.##
#.#.#..# ###..#
#.########.#....#
#..######.####...(....###
###)........##...##.....#


You could see Robin and a goblin.

Vanquished Creatures
  Terence (D:2)
  Natasha (D:2)
  An adder (D:2)
  2 oozes
  2 worms (D:2)
  2 dart slugs (D:1)
  2 leopard geckos (D:1)
  5 goblins
  13 hobgoblins
  A ball python (D:1)
  3 bats
  4 frilled lizards
  7 kobolds
  3 rats
47 creatures vanquished.

Notes
Turn   | Place    | Note
-------+----------+-------------------------------------------
     0 | D:1      | Kisielow the Minotaur Fighter began the quest for the Orb.
     0 | D:1      | Reached XP level 1. HP: 19/19 MP: 0/0
    32 | D:1      | Reached skill level 3 in Long Blades
    59 | D:1      | Reached XP level 2. HP: 21/26 MP: 1/1
   439 | D:1      | Reached skill level 4 in Long Blades
   507 | D:1      | Reached XP level 3. HP: 31/31 MP: 2/2
   982 | D:2      | Reached skill level 5 in Long Blades
  1004 | D:2      | Noticed Terence
  1017 | D:2      | Killed Terence
  1017 | D:2      | Reached XP level 4. HP: 31/39 MP: 3/3
  1079 | D:2      | Noticed Natasha
  1100 | D:2      | Killed Natasha
  1101 | D:2      | Noticed Robin
  1103 | D:2      | Reached skill level 6 in Long Blades
  1112 | D:2      | Slain by Robin

Skill      XL: |  1  2  3  4 |
---------------+-------------+-----
Long Blades    | 3 4 5 6 |  6.1
Fighting       | |  3.6
Armour         | |  3.6
Shields        | |  3.6

Action                   |  1- 3 |  4- 6 || total
-------------------------+-------+-------++-------
Melee: Long sword        |    61 |       ||    61
       Headbutt          |    15 |     8 ||    23
       Falchion          |    25 |    31 ||    56
  Eat: Chunk             |       |     1 ||     1
Armor: Scale mail        |    33 |     6 ||    39
Dodge: Dodged            |    20 |     7 ||    27
Block: Shield            |    39 |     8 ||    47
       Rpst.: Long sword |     4 |       ||     4
       Falchion          |     4 |     1 ||     5
